 Dungeon Crawl Stone Soup version 0.23.2-40-g277498a001 (webtiles) character file.

Game seed: 3660783502474284198

35284 Kostasan the Bludgeoner (level 13, -3/124 HPs)
             Began as a Minotaur Berserker on Oct 2, 2019.
             Was a High Priest of Trog.
             Slain by a cyan ugly thing (17 damage)
             ... on level 14 of the Dungeon.
             The game lasted 00:50:22 (14539 turns).

Kostasan the Bludgeoner (Minotaur Berserker)       Turns: 14539, Time: 00:50:22

Health: -3/124     AC: 22    Str: 23    XL:     13   Next: 46%
Magic:  12/12      EV:  8    Int:  4    God:    Trog [*****.]
Gold:   213        SH:  0    Dex: 17    Spells: 12/12 levels left

rFire    + + .     SeeInvis .   F - +3 scimitar (flame)
rCold    + . .     Gourm    +   s - +2 buckler {AC+3}
rNeg     . . .     Faith    .   b - +3 plate armour {rF+}
rPois    .         Spirit   .   C - +0 hat
rElec    .         Reflect  .   n - scarf {rC+ rF+}
rCorr    .         Harm     .   (no gloves)
MR       .....                  (no boots)
Stlth    ..........             i - amulet of the gourmand
HPRegen  0.30/turn              o - +3 ring of dexterity
MPRegen  0.13/turn              k - ring of stealth

@: confused, berserk cooldown, slowed, very slow
A: retaliatory headbutt, horns 2
a: Berserk, Trog's Hand, Brothers in Arms, Renounce Religion


You were on level 14 of the Dungeon.
You worshipped Trog.
Trog was extremely pleased with you.
You were not hungry.

You visited 1 branch of the dungeon, and saw 14 of its levels.
You also visited: Sewer.

You collected 663 gold pieces.
You spent 450 gold pieces at shops.

Inventory:

Hand Weapons
 y - a +2 antimagic dire flail
 A - a +4 great mace of protection
 F - a +3 scimitar of flaming (weapon)
Armour
 b - a +3 plate armour of fire resistance (worn)
 n - a scarf of resistance (worn)
 s - a +2 buckler of protection (worn)
 C - a +0 hat (worn)
Jewellery
 i - an amulet of the gourmand (around neck)
 k - a ring of stealth (right hand)
 o - a +3 ring of dexterity (left hand)
 r - a +3 ring of dexterity
Wands
 h - a wand of digging (15)
 v - a wand of flame (13)
 x - a wand of acid (13)
 z - a wand of polymorph (8)
Scrolls
 a - 7 scrolls of teleportation
 d - 2 scrolls of fear
 e - 8 scrolls of identify
 f - a scroll of random uselessness
 m - 5 scrolls of remove curse
 q - 2 scrolls of blinking
 u - 3 scrolls of enchant armour {unknown}
 B - 2 scrolls of magic mapping {unknown}
Potions
 g - a potion of haste {unknown}
 j - 4 potions of brilliance
 l - a potion of magic
 p - 5 potions of lignification
 t - a potion of flight {unknown}
 w - 2 potions of mutation {unknown}
 D - a potion of ambrosia {unknown}
Comestibles
 c - 30 rations


   Skills:
 + Level 14.0 Fighting
 * Level 18.5 Maces & Flails
 + Level 13.7 Armour
 - Level 2.4 Dodging


You had 12 spell levels left.
You didn't know any spells.
Your spell library contained the following spells:

 Spells                   Type           Power        Failure   Level  Hunger
 Apportation              Tloc           #.....       100%        1    ##.....
 Flame Tongue             Conj/Fire      #....        100%        1    ##.....
 Summon Butterflies       Summ           #.......     100%        1    ##.....
 Poisonous Vapours        Pois/Air       #.....       100%        2    ###....
 Throw Flame              Conj/Fire      #.....       100%        2    ###....
 Conjure Flame            Conj/Fire      #.......     100%        3    ####...
 Inner Flame              Hex/Fire       #.......     100%        3    ####...
 Lesser Beckoning         Tloc           #.........   100%        3    ####...
 Mephitic Cloud           Conj/Pois/Air  #.......     100%        3    ####...
 Tukima's Dance           Hex            #.......     100%        3    ####...
 Sticky Flame             Conj/Fire      #.......     100%        4    #####..
 Alistair's Intoxication  Tmut/Pois      #.......     100%        5    ######.
 Fireball                 Conj/Fire      #.........   100%        5    ######.
 Freezing Cloud           Conj/Ice/Air   #.........   100%        6    #######
 Invisibility             Hex            #.......     100%        6    #######
 Ring of Flames           Chrm/Fire      #.........   100%        7    #######


Dungeon Overview and Level Annotations

Branches:
Dungeon (15/15)            Temple (0/1) D:4            Lair (0/6) D:8
    Orc (0/2) D:9          Depths (0/5) D:15
 Vaults: D:13-14

Altars:
Ashenzari
Cheibriados
Fedhas
Kikubaaqudgha
Nemelex Xobeh
Qazlal
Trog
Xom
Yredelemnul

Shops:
D:8 :   D:9 [=(


Innate Abilities, Weirdness & Mutations

You reflexively headbutt those who attack you in melee.
You have a pair of horns on your head.


Message History

* * * LOW HITPOINT WARNING * * *
Okay, then.
You completely miss the troll. You headbutt the troll!
The troll is moderately wounded.
The purple ugly thing basks in the mutagenic energy from its kin and changes!
The cyan ugly thing claws you but does no damage.
The troll bites you.
* * * LOW HITPOINT WARNING * * *
The troll claws you.
* * * LOW HITPOINT WARNING * * *
The troll claws you!
* * * LOW HITPOINT WARNING * * *
The cyan ugly thing pecks you but does no damage. x2
The green very ugly thing basks in the mutagenic energy from its kin and changes!
The cyan ugly thing barely misses you.
The cyan ugly thing claws you but does no damage.
The cyan ugly thing pecks you.
* * * LOW HITPOINT WARNING * * *
The cyan ugly thing shocks you!
You die...

.....(......# #..##.#######
#'#+######..# #............
#.#.##....<.#. .#..##.#######
#.#.##.###..#§#...#§##.##.#
#.#.##.###.###.#.#.###..#.#
............#.#..!#§##..#.#
#.####.###..#!..#...#...#.# #.#
#.....##.#uuG#.##....#
#.####.###.##..u@u!.##....#
......[.....###uTu####....#
#.####.###..#..uG...#.....#######
#........................>.......
#.####.....#+#+#..........#######
..........................#
####.#....................# #####
#.#....................# #....
##.#....................###)###


You could see 2 very ugly things, 5 ugly things, 2 glowing orange brains and a
troll.

Vanquished Creatures
  Rupert (D:15)
  Gastronok (D:8)
  A frost giant (D:15)
  2 yaktaur captains (D:9)
  2 hydras
  3 centaur warriors (D:15)
  2 two-headed ogres
  A tengu warrior (D:15)
  Urug (D:10)
  2 unseen horrors
  An unseen horror (shapeshifter) (D:15)
  Pikel (D:6)
  An ugly thing (D:14)
  A manticore (D:14)
  4 cyclopes
  A moth of wrath (D:9)
  2 centaur skeletons
  A rime drake (shapeshifter) (D:15)
  A yaktaur (D:15)
  A komodo dragon (D:8)
  A redback zombie (D:15)
  A freezing wraith (D:15)
  An efreet (D:14)
  A queen bee (D:15)
  2 polar bears (D:9)
  Prince Ribbit (D:5)
  A troll (D:15)
  3 meliai (D:15)
  5 hippogriffs
  Grinder (D:5)
  9 slime creatures
  12 yaks
  Eustachio (D:5)
  A wyvern (D:10)
  2 steam dragons
  3 hungry ghosts
  4 vampire mosquitoes (D:15)
  An acid dragon (D:9)
  6 orc warriors
  2 eyes of draining
  9 ice beasts
  A hornet zombie (D:10)
  2 phantoms
  2 sky beasts
  6 ogres
  2 wolves
  2 centaurs
  2 crocodiles
  A big kobold (shapeshifter) (D:14)
  11 bullfrogs
  6 scorpions
  A water moccasin skeleton (D:10)
  32 killer bees
  3 electric eels
  3 howler monkeys (D:9)
  8 crimson imps
  A quasit (D:9)
  2 bullfrog zombies
  3 centaur zombies
  2 jellies
  3 bullfrog skeletons
  7 hounds
  4 orc priests
  13 orc wizards
  2 iguanas
  11 worker ants
  3 bullfrog simulacra (D:9)
  A hound skeleton (D:6)
  A howler monkey zombie (D:10)
  Robin (D:2)
  2 worker ant zombies
  13 gnolls
  13 adders
  A hound simulacrum (D:10)
  A river rat (D:4)
  2 shadow imps (D:6)
  6 white imps (D:9)
  A howler monkey simulacrum (D:9)
  A worker ant simulacrum (D:10)
  2 ufetubi (D:10)
  An adder skeleton (D:5)
  An adder zombie (D:6)
  5 worms
  3 dart slugs
  An adder simulacrum (D:10)
  12 leopard geckos
  61 orcs
  5 bats
  17 giant cockroaches
  10 goblins
  11 hobgoblins
  7 jackals
  8 kobolds
  3 quokkas
  2 ball pythons
  6 frilled lizards
  2 leopard gecko skeletons
  A quokka skeleton (D:7)
  A quokka zombie (D:5)
  10 rats
442 creatures vanquished.

Vanquished Creatures (others)
  A gnoll (D:6)
  A leopard gecko (D:6)
  A fungus (D:7)
  2 plants (D:8)
5 creatures vanquished.

Grand Total: 447 creatures vanquished

Notes
Turn   | Place    | Note
-------+----------+-------------------------------------------
     0 | D:1      | Kostasan the Minotaur Berserker began the quest for the
                  | Orb.
     0 | D:1      | Reached XP level 1. HP: 19/19 MP: 0/0
   245 | D:1      | Found a sparkling altar of Nemelex Xobeh.
   247 | D:1      | Reached XP level 2. HP: 27/27 MP: 1/1
   298 | D:1      | Reached skill level 4 in Maces & Flails
   533 | D:1      | Reached XP level 3. HP: 33/33 MP: 2/2
   538 | D:1      | Reached ** piety under Trog
   838 | D:2      | Noticed Robin
   850 | D:2      | Killed Robin
  1368 | D:2      | Reached XP level 4. HP: 29/41 MP: 3/3
  1715 | D:3      | Reached skill level 5 in Maces & Flails
  1836 | D:3      | Reached XP level 5. HP: 11/47 MP: 4/4
  2210 | D:3      | Noticed an air elemental
  2212 | D:3      | Found a stormy altar of Qazlal.
  2213 | D:3      | Noticed a water elemental
  2213 | D:3      | Noticed a fire elemental
  2594 | D:3      | Reached skill level 5 in Fighting
  2806 | D:4      | Found a shimmering altar of Xom.
  2808 | D:4      | Reached skill level 6 in Maces & Flails
  2812 | D:4      | Reached XP level 6. HP: 56/56 MP: 5/5
  2883 | D:4      | Found a staircase to the Ecumenical Temple.
  2972 | D:4      | Reached *** piety under Trog
  3070 | D:4      | Reached skill level 7 in Maces & Flails
  3070 | D:4      | Reached skill level 5 in Armour
  3070 | D:4      | Reached XP level 7. HP: 31/62 MP: 6/6
  3317 | D:4      | Found a glowing drain.
  3321 | Sewer    | Entered a sewer
  4019 | D:4      | Reached skill level 8 in Maces & Flails
  4201 | D:4      | Identified the +0 dagger of the Owl {pierce, rPois}
  4308 | D:5      | Entered Level 5 of the Dungeon
  4431 | D:5      | Reached **** piety under Trog
  4441 | D:5      | Reached XP level 8. HP: 69/71 MP: 7/7
  4488 | D:5      | Noticed Grinder
  4495 | D:5      | Killed Grinder
  4495 | D:5      | Reached skill level 9 in Maces & Flails
  4689 | D:5      | Noticed Prince Ribbit
  4701 | D:5      | Killed Prince Ribbit
  4793 | D:5      | Reached skill level 10 in Maces & Flails
  5061 | D:5      | Noticed Eustachio
  5070 | D:5      | Killed Eustachio
  5603 | D:6      | Noticed Pikel
  5610 | D:6      | Killed Pikel
  5610 | D:6      | Reached XP level 9. HP: 81/81 MP: 8/8
  5610 | D:6      | Identified the cursed +0 ring mail "Loatiek" {rElec Str+6}
  5819 | D:6      | Reached skill level 11 in Maces & Flails
  6291 | D:6      | Found a sparkling altar of Nemelex Xobeh.
  6552 | D:7      | Found a shattered altar of Ashenzari.
  6644 | D:7      | Found a snail-covered altar of Cheibriados.
  6865 | D:7      | Found a blossoming altar of Fedhas.
  6974 | D:7      | Reached skill level 12 in Maces & Flails
  7010 | D:7      | Reached ***** piety under Trog
  7323 | D:8      | Received a gift from Trog
  7328 | D:8      | Reached XP level 10. HP: 91/91 MP: 9/9
  7559 | D:8      | Noticed Gastronok
  7573 | D:8      | Killed Gastronok
  7573 | D:8      | Reached skill level 10 in Fighting
  7573 | D:8      | Reached skill level 13 in Maces & Flails
  7586 | D:8      | Found a staircase to the Lair.
  7607 | D:8      | Reached skill level 10 in Armour
  7889 | D:8      | Found a basalt altar of Yredelemnul.
  8073 | D:8      | Found Feur's Book Emporium.
  8209 | D:9      | Found a staircase to the Orcish Mines.
  8381 | D:9      | Found Qonguuch's Antique Armour Shop.
  8402 | D:9      | Reached skill level 14 in Maces & Flails
  8603 | D:9      | Reached XP level 11. HP: 82/101 MP: 10/10
  9047 | D:9      | Noticed a yaktaur captain
  9048 | D:9      | Noticed a yaktaur captain
  9054 | D:9      | Killed a yaktaur captain
  9060 | D:9      | Killed a yaktaur captain
  9306 | D:9      | Noticed a two-headed ogre
  9309 | D:9      | Killed a two-headed ogre
  9438 | D:9      | Found Buwub's Jewellery Shoppe.
  9447 | D:9      | Bought an uncursed amulet of the gourmand for 450 gold
                  | pieces
  9536 | D:9      | Reached skill level 15 in Maces & Flails
  9609 | D:9      | Found Bepoos's Antique Weapon Shoppe.
  9685 | D:9      | Found a bloodstained altar of Trog.
  9711 | D:9      | Got a fine halberd
  9928 | D:10     | Entered Level 10 of the Dungeon
 10022 | D:10     | Noticed Urug
 10031 | D:10     | Killed Urug
 10570 | D:11     | Received a gift from Trog
 10730 | D:11     | Noticed a two-headed ogre
 10735 | D:11     | Killed a two-headed ogre
 10735 | D:11     | Reached skill level 16 in Maces & Flails
 10735 | D:11     | Reached XP level 12. HP: 104/112 MP: 11/11
 11418 | D:11     | Noticed an eight-headed hydra
 11425 | D:11     | Killed an eight-headed hydra
 11682 | D:12     | You fall through a shaft for 3 floors!
 11682 | D:15     | Entered Level 15 of the Dungeon
 11709 | D:15     | Noticed a centaur warrior
 11720 | D:15     | Killed a centaur warrior
 11730 | D:15     | Noticed a tengu warrior
 11740 | D:15     | Killed a tengu warrior
 11897 | D:15     | Reached skill level 17 in Maces & Flails
 11967 | D:15     | Noticed a seven-headed hydra
 11977 | D:15     | Killed a seven-headed hydra
 12041 | D:15     | Noticed Rupert
 12087 | D:15     | Killed Rupert
 12235 | D:15     | Found a staircase to the Depths.
 12235 | D:15     | Noticed a frost giant
 12241 | D:15     | Killed a frost giant
 12241 | D:15     | Reached XP level 13. HP: 73/122 MP: 12/12
 12591 | D:15     | Found an ancient bone altar of Kikubaaqudgha.
 12885 | D:15     | Reached skill level 18 in Maces & Flails
 12902 | D:15     | Received a gift from Trog
 13456 | D:15     | Identified a scroll of acquirement
 13589 | D:14     | Found a runed translucent gate.
 13589 | D:14     | Found a runed translucent gate.
 13589 | D:14     | Found a runed translucent gate.
 13589 | D:14     | Noticed a red very ugly thing
 14517 | D:14     | Noticed a red very ugly thing
 14539 | D:14     | Slain by a cyan ugly thing

Skill      XL: |  1  2  3  4  5  6  7  8  9 10 11 12 13 |
---------------+----------------------------------------+-----
Maces & Flails | 4 5 6 7 8 10 12 14 16 17 18 | 18.5
Fighting       | 4 5 6 8 9 10 12 13 14 | 14.0
Armour         | 3 4 5 6 7 9 10 11 13 | 13.7
Dodging        | |  2.4

Action                   |  1- 3 |  4- 6 |  7- 9 | 10-12 | 13-15 || total
-------------------------+-------+-------+-------+-------+-------++-------
Melee: Mace              |    66 |       |       |       |       ||    66
       Headbutt          |     5 |    21 |    55 |    99 |    58 ||   238
       Flail             |     9 |   114 |    96 |       |       ||   219
       Morningstar       |       |       |   221 |    11 |       ||   232
       Great mace        |       |       |       |   422 |    55 ||   477
       Quick blade       |       |       |       |       |    54 ||    54
       Scimitar          |       |       |       |       |    52 ||    52
Invok: Berserk           |       |     6 |    11 |    11 |     4 ||    32
       Trog's Hand       |       |       |       |     2 |       ||     2
Evoke: Wand              |       |       |       |     1 |       ||     1
  Use: Scroll            |       |     8 |     1 |     1 |     1 ||    11
       Potion            |       |     1 |       |     6 |       ||     7
 Stab: Sleeping          |       |     1 |       |       |       ||     1
  Eat: Chunk             |     1 |     9 |    21 |    39 |    11 ||    81
       Ration            |       |       |     2 |     2 |     1 ||     5
Armor: Animal skin       |     4 |       |       |       |       ||     4
       Leather armour    |    10 |     1 |       |       |       ||    11
       Chain mail        |       |    38 |   179 |   101 |       ||   318
       Ring mail         |       |     7 |       |       |       ||     7
       Skin              |       |     1 |       |       |       ||     1
       Plate armour      |       |       |       |   226 |   184 ||   410
Dodge: Dodged            |    55 |    83 |   128 |   199 |    87 ||   552
Block: Buckler           |       |       |       |       |    27 ||    27
       Rpst.: Scimitar   |       |       |       |       |     8 ||     8
